 Dungeon Crawl Stone Soup version 0.28.0 (webtiles) character file.

Game seed: 6802424386082487642

235 Ayyar the Grasshopper (level 6, 0/50 HPs)
             Began as a Gnoll Warper on Apr 6, 2022.
             Slain by Eustachio (7 damage)
             ... on level 4 of the Dungeon.
             The game lasted 00:11:55 (4551 turns).

Ayyar the Grasshopper (Gnoll Warper)                Turns: 4551, Time: 00:11:56

Health: 0/50       AC:  6    Str: 13    XL:     6   Next: 5%
Magic:  22/22      EV: 14    Int: 12    God:
Gold:   146        SH:  0    Dex: 16    Spells: 15/15 levels left

rFire   + + .      SeeInvis .   m - +2 short sword (speed)
rCold   + . .      Faith    .   (no shield)
rNeg    . . .      Spirit   .   w - +1 leather armour {rF+}
rPois   +          Reflect  .   k - +1 hat
rElec   +          Harm     .   t - +0 cloak
rCorr   +          Rampage  .   (no gloves)
Will    .....                   (no boots)
Stlth   ++........              (no amulet)
HPRegen 0.16/turn               j - ring of poison resistance
MPRegen 0.18/turn               u - ring of Naecio Jish {rCorr MP+9 Dex+5}

@: mighty, resistant
A: fangs 1, strong nose, distributed training
a: no special abilities


You were on level 4 of the Dungeon.
You visited 1 branch of the dungeon, and saw 4 of its levels.

You collected 146 gold pieces.

Inventory:

Hand Weapons
 a - a +0 mace
 m - a +2 short sword of speed (weapon)
Missiles
 b - 4 poisoned darts (quivered)
 d - 5 boomerangs of dispersal
Armour
 k - a +1 hat (worn)
 t - a +0 cloak (worn)
 w - a +1 leather armour of fire resistance (worn)
Jewellery
 j - a ring of poison resistance (left hand)
 u - the ring of Naecio Jish (right hand) {rCorr MP+9 Dex+5}
   (You found it on level 3 of the Dungeon)

   [ring of magical power]

   Dex:       It affects your dexterity (+5).
   MP:        It affects your magic capacity (+9).
   rCorr:     It protects you from acid and corrosion.
Wands
 y - a wand of digging (5)
Scrolls
 c - 2 scrolls of blinking
 g - 2 scrolls of identify {unknown}
 o - a scroll of immolation {unknown}
 p - a scroll of amnesia {unknown}
 q - a scroll of enchant weapon {unknown}
Potions
 f - a potion of attraction {unknown}
 h - a potion of haste {unknown}
 i - a potion of invisibility {unknown}
 l - a potion of brilliance {unknown}
 n - a potion of lignification {unknown}
 r - a potion of berserk rage {unknown}
 s - a potion of ambrosia {unknown}
 v - a potion of might
 x - a potion of degeneration {unknown}
 z - a potion of magic {unknown}
 A - a potion of curing {unknown}


   Skills:
 + Level 4.9 Fighting
 + Level 1.7 Short Blades
 + Level 1.7 Long Blades
 + Level 1.7 Axes
 + Level 4.9 Maces & Flails
 + Level 1.7 Polearms
 + Level 1.7 Staves
 + Level 1.7 Slings
 + Level 1.7 Bows
 + Level 1.7 Crossbows
 + Level 3.1 Throwing
 + Level 3.1 Armour
 + Level 4.9 Dodging
 + Level 1.7 Stealth
 + Level 1.7 Shields
 + Level 1.7 Unarmed Combat
 + Level 5.3 Spellcasting
 + Level 1.3 Conjurations
 + Level 1.3 Hexes
 + Level 1.3 Summonings
 + Level 1.3 Necromancy
 + Level 5.6 Translocations
 + Level 1.3 Transmutations
 + Level 1.3 Fire Magic
 + Level 1.3 Ice Magic
 + Level 1.3 Air Magic
 + Level 1.3 Earth Magic
 + Level 1.3 Poison Magic
 + Level 2.0 Invocations
 + Level 1.7 Evocations


You had 15 spell levels left.
You didn't know any spells.
Your spell library contained the following spells:

 Spells                   Type           Power      Damage    Failure   Level
 Apportation              Tloc           32%        N/A       2%          1
 Blink                    Tloc           32%        N/A       3%          2
 Gell's Gravitas          Tloc           16%        N/A       8%          3
 Lesser Beckoning         Tloc           16%        N/A       8%          3
 Teleport Other           Tloc           16%        N/A       8%          3
 Animate Skeleton         Necr           12%        N/A       14%         1
 Pain                     Necr           24%        1d5       14%         1
 Vampiric Draining        Necr           6%         2d6       38%         3
 Manifold Assault         Tloc           16%        N/A       56%         5
 Alistair's Intoxication  Tmut/Pois      4%         N/A       98%         5
 Freezing Cloud           Conj/Ice/Air   3%         6-21      98%         5
 Simulacrum               Ice/Necr       3%         N/A       100%        6
 Polar Vortex             Ice            3%         N/A       100%        9


Dungeon Overview and Level Annotations

Branches:
Dungeon (4/15)
 Temple: D:4-7

Altars:
Nemelex Xobeh
Beogh

Shops:
D:2 :   D:3 [

Annotations:
D:4 Eustachio


Innate Abilities, Weirdness & Mutations

You have very sharp teeth.
Your uncanny sense of smell can sniff out nearby items.
Your experience applies equally to all skills.


Message History

You puncture Robin!
Robin is almost dead.
The ufetubus misses you. x2
The quasit bites you but does no damage.
The quasit barely misses you. The quasit misses you.
You puncture Robin!
You kill Robin!
The ufetubus misses you.
The ufetubus hits you but does no damage.
Your Invocations skill increases to level 2!
You have reached level 6!
You puncture the goblin!
You kill the goblin!
The quasit barely misses you. x2
The quasit claws you but does no damage.
The ufetubus hits you but does no damage.
The ufetubus hits you.
* * * LOW HITPOINT WARNING * * *
The quasit barely misses you.
The quasit claws you but does no damage.
The quasit closely misses you.
The quasit bites you but does no damage.
The quasit closely misses you. The quasit claws you.
* * * LOW HITPOINT WARNING * * *
Items here: ! ( ))) [[.
The goblin misses you. The ufetubus barely misses you. The ufetubus misses you.
You closely miss the goblin. The ufetubus closely misses you. x2
The goblin completely misses you.
You barely miss the goblin.
The ufetubus hits you but does no damage.
The ufetubus misses you.
Eustachio mumbles some strange words.
It was a potion of resistance.
You feel protected. The ufetubus closely misses you. The ufetubus misses you.
The goblin hits you but does no damage.
You puncture the goblin!
You kill the goblin!
The bat hits you but does no damage. Eustachio hits you with a +0 rapier!
You die...

#<..# #...# #######
#...# ##.....## #...#
##.......#### #...#
##...........####...#
..........5#........#
##.........#####b@#....#
#.........# #@#####..#
#.........#####5# !#
#...>..)....b.r5# .
#.........#.g##.#
#.........#..##.#
#.............#.##
#.........###....###
####### ###.......##
###....# ##.....#
#........##
#.##.####......#


You could see Eustachio, a quasit (summoned), an ufetubus (summoned), a quokka
(summoned) and a bat (summoned).

Vanquished Creatures
  A necrophage (D:4)
  Robin (D:4)
  A gnoll (D:1)
  2 adders
  A worm (D:2)
  3 dart slugs
  7 orcs
  5 bats
  7 endoplasms
  4 giant cockroaches
  5 hobgoblins
  3 jackals (D:1)
  8 kobolds
  4 quokkas
  7 ball pythons
  3 frilled lizards
  20 goblins
  4 rats (D:1)
86 creatures vanquished.

Notes
Turn   | Place    | Note
-------+----------+-------------------------------------------
     0 | D:1      | Ayyar the Gnoll Warper began the quest for the Orb.
     0 | D:1      | Reached XP level 1. HP: 20/20 MP: 6/6
   335 | D:1      | Reached XP level 2. HP: 23/26 MP: 7/7
   823 | D:1      | Reached skill level 5 in Spellcasting
   823 | D:1      | Reached XP level 3. HP: 18/31 MP: 7/9
  1037 | D:1      | Reached skill level 1 in Invocations
  1819 | D:2      | Reached skill level 1 in Short Blades
  1819 | D:2      | Reached skill level 1 in Long Blades
  1819 | D:2      | Reached skill level 1 in Axes
  1819 | D:2      | Reached skill level 1 in Polearms
  1819 | D:2      | Reached skill level 1 in Staves
  1819 | D:2      | Reached skill level 1 in Slings
  1819 | D:2      | Reached skill level 1 in Bows
  1819 | D:2      | Reached skill level 1 in Crossbows
  1819 | D:2      | Reached skill level 1 in Stealth
  1819 | D:2      | Reached skill level 1 in Shields
  1819 | D:2      | Reached skill level 1 in Unarmed Combat
  1819 | D:2      | Reached skill level 1 in Evocations
  1819 | D:2      | Reached XP level 4. HP: 34/38 MP: 11/11
  2219 | D:2      | Found Mumios's Book Emporium.
  2661 | D:3      | Identified the +0 robe of Narchoagu {Stlth+}
  3032 | D:3      | You fall into a shaft and drop 1 floor!
  3047 | D:4      | Reached skill level 1 in Conjurations
  3047 | D:4      | Reached skill level 1 in Hexes
  3047 | D:4      | Reached skill level 1 in Summonings
  3047 | D:4      | Reached skill level 1 in Necromancy
  3047 | D:4      | Reached skill level 1 in Transmutations
  3047 | D:4      | Reached skill level 1 in Fire Magic
  3047 | D:4      | Reached skill level 1 in Ice Magic
  3047 | D:4      | Reached skill level 1 in Air Magic
  3047 | D:4      | Reached skill level 1 in Earth Magic
  3047 | D:4      | Reached skill level 1 in Poison Magic
  3216 | D:3      | Found Tidom's Armour Shop.
  3289 | D:3      | Identified the ring of Naecio Jish {rCorr MP+9 Dex+5}
  3537 | D:3      | Found a faded altar of an unknown god.
  3805 | D:3      | Reached XP level 5. HP: 37/43 MP: 12/12
  3985 | D:4      | Found a sparkling altar of Nemelex Xobeh.
  3996 | D:4      | Noticed a necrophage
  4009 | D:4      | Killed a necrophage
  4117 | D:4      | Noticed Robin
  4477 | D:4      | Noticed Eustachio
  4544 | D:4      | Killed Robin
  4545 | D:4      | Reached XP level 6. HP: 12/50 MP: 13/13
  4551 | D:4      | Slain by Eustachio

Illustrated notes

Levels and vault maps discovered:
D:1:      lemuel_arrival_cross, layout_basic
D:2:      layout_rooms, serial_shops, nicolae_shop_advertising_works
          [nicolae_subvault_shop_adworks]
D:3:      layout_basic, hellmonk_ecumenical_altar_defaced_shrine, serial_shops,
          shop_fountains
D:4:      layout_rooms, nemelex_spade_bored_becter, kennysheep_generic_room_10,
          uniq_eustachio, uniq_robin

Skill      XL: |  1  2  3  4  5 |
---------------+----------------+-----
Spellcasting   | 5 |  5.3
Invocations    | 1 2 |  2.0
Short Blades   | 1 |  1.7
Long Blades    | 1 |  1.7
Axes           | 1 |  1.7
Polearms       | 1 |  1.7
Staves         | 1 |  1.7
Slings         | 1 |  1.7
Bows           | 1 |  1.7
Crossbows      | 1 |  1.7
Stealth        | 1 |  1.7
Shields        | 1 |  1.7
Unarmed Combat | 1 |  1.7
Evocations     | 1 |  1.7
Conjurations   | 1 |  1.3
Hexes          | 1 |  1.3
Summonings     | 1 |  1.3
Necromancy     | 1 |  1.3
Transmutations | 1 |  1.3
Fire Magic     | 1 |  1.3
Ice Magic      | 1 |  1.3
Air Magic      | 1 |  1.3
Earth Magic    | 1 |  1.3
Poison Magic   | 1 |  1.3
Throwing       | 3 |  3.1
Armour         | 3 |  3.1
Fighting       | |  4.9
Maces & Flails | |  4.9
Dodging        | |  4.9
Translocations | |  5.6

Action                   |  1- 3 |  4- 6 || total
-------------------------+-------+-------++-------
Melee: Mace              |   114 |    12 ||   126
       Bite              |     8 |    21 ||    29
       Short sword       |       |   184 ||   184
       Punch             |       |     7 ||     7
Throw: Dart              |       |     1 ||     1
  Use: Potion            |       |     2 ||     2
 Stab: Sleeping          |     2 |     2 ||     4
Armor: Leather armour    |    44 |    58 ||   102
Dodge: Dodged            |    89 |   146 ||   235
